 Dungeon Crawl Stone Soup version 0.30.1-4-g462c640d31 (webtiles) character file.

Game seed: 9664522198586037883

6412 spardeous the Destroyer (level 10, -1/69 HPs)
             Began as a Demigod Conjurer on Aug 21, 2023.
             Slain by a boulder beetle (29 damage)
             ... on level 8 of the Dungeon.
             The game lasted 00:11:55 (10213 turns).

spardeous the Destroyer (Demigod Conjurer)         Turns: 10213, Time: 00:11:56

Health: -1/69      AC:  6    Str: 16    XL:     10   Next: 39%
Magic:  22/28      EV: 11    Int: 30    God:
Gold:   439        SH:  0    Dex: 12    Spells: 22/29 levels left

rFire   . . .        f - +1 spear (venom)
rCold   . . .        k - orb {*channel}
rNeg    . . .        q - +3 leather armour
rPois   .            (no helmet)
rElec   .            (no cloak)
rCorr   .            (no gloves)
SInv    .            (no boots)
Will    +....        (no amulet)
Stlth   ++           c - ring of wizardry
HPRegen 0.31/turn    G - +6 ring of intelligence
MPRegen 0.21/turn

%: wizardry (x1), channel magic (20%)
@: no status effects
A: high MP 1, forlorn, divine attributes
a: no special abilities


You were on level 8 of the Dungeon.
You visited 1 branch of the dungeon, and saw 8 of its levels.
You also visited: Sewer.

You collected 439 gold pieces.

Inventory:

Hand Weapons
 f - a +1 spear of venom (weapon)
Missiles
 j - 2 throwing nets
 u - 3 boomerangs of dispersal
Armour
 k - an orb of energy (worn)
 q - a +3 leather armour (worn)
 H - +0 steam dragon scales
Jewellery
 c - a ring of wizardry (left hand)
 e - a ring of wizardry
 G - a +6 ring of intelligence (right hand)
Wands
 y - a wand of quicksilver (6)
 z - a wand of charming (11)
 B - a wand of digging (2)
 C - a wand of polymorph (3)
Scrolls
 d - 5 scrolls of poison {unknown}
 g - 8 scrolls of identify {unknown}
 h - 3 scrolls of vulnerability {unknown}
 i - 2 scrolls of blinking {unknown}
 l - a scroll of torment {unknown}
 m - 3 scrolls of teleportation {unknown}
 n - 3 scrolls of fear {unknown}
 p - a scroll of brand weapon {unknown}
 t - 4 scrolls of butterflies {unknown}
 w - 2 scrolls of fog {unknown}
 E - 2 scrolls of enchant weapon {unknown}
 F - a scroll of acquirement {unknown}
Potions
 a - a potion of attraction {unknown}
 b - 4 potions of magic
 o - a potion of berserk rage {unknown}
 r - 2 potions of curing
 s - a potion of haste
 v - 3 potions of flight
 x - a potion of heal wounds {unknown}
 A - a potion of mutation {unknown}
 D - a potion of cancellation {unknown}


   Skills:
 - Level 1.7 Dodging
 - Level 1.7 Stealth
 + Level 10.0 Spellcasting
 - Level 10.1 Conjurations
 - Level 4.5 Translocations


You had 22 spell levels left.
You knew the following spells:

 Your Spells              Type           Power      Damage    Failure   Level
a - Magic Dart            Conj           100%       1d8       1%          1
b - Searing Ray           Conj           100%       2d8       1%          2
c - Iskenderun's Mystic   Conj/Tloc      56%        2d12      3%          4

Your spell library contained the following spells:

 Spells                   Type           Power      Damage    Failure   Level
 Apportation              Tloc           84%        N/A       1%          1
 Dazzling Flash           Conj/Hex       90%        N/A       2%          3
 Gell's Gravitas          Tloc           42%        N/A       3%          3
 Teleport Other           Tloc           42%        N/A       3%          3
 Necrotise                Necr           60%        1d7       5%          1
 Summon Small Mammal      Summ           60%        N/A       5%          1
 Fulminant Prism          Conj/Hex       22%        3d12      6%          4
 Animate Armour           Summ/Erth      30%        N/A       30%         4
 Leda's Liquefaction      Hex/Erth       7%         N/A       30%         4
 Summon Ice Beast         Ice/Summ       15%        N/A       30%         4
 Iron Shot                Conj/Erth      22%        9d5       47%         6
 Dispersal                Tloc           21%        N/A       52%         6
 Agony                    Necr           15%        N/A       58%         5
 Blade Hands              Tmut           7%         N/A       58%         5
 Lee's Rapid Deconstruct  Erth           7%         3d7*      58%         5
 Silence                  Hex/Air        7%         N/A       58%         5
 Summon Mana Viper        Hex/Summ       15%        N/A       58%         5
 Statue Form              Tmut/Erth      10%        N/A       97%         6
 Monstrous Menagerie      Summ           7%         N/A       100%        7


Dungeon Overview and Level Annotations

Branches:
Dungeon (8/15)             Temple (0/1) D:7           Sewer (visited)
   Lair: D:8-11

Annotations:
D:6 2 runed translucent doors, croobank's ghost, weakling OpDe


Innate Abilities, Weirdness & Mutations

You have an increased reservoir of magic. (+10% MP)
You shall have no god before yourself.
Your divine heritage dramatically boosts your attributes as you level up.


Message History

Casting: Iskenderun's Mystic Blast (dangerous; 3% risk of failure)
Confirm with . or Enter, or press ? or * to list all spells.
You erupt in a blast of force!
The mystic blast hits the orc wizard.
The orc wizard is lightly wounded.
The orc wizard is knocked back by the mystic blast.
The orc wizard slams into the stone wall!
The orc wizard is heavily wounded.
The mystic blast hits the yak!
The yak is heavily wounded.
The yak is knocked back by the mystic blast.
You hear an angry buzzing noise. x2
A boulder beetle comes into view.
You now have 19/28 mp.
Unknown command.
Casting: Iskenderun's Mystic Blast (dangerous; 3% risk of failure)
Confirm with . or Enter, or press ? or * to list all spells.
You erupt in a blast of force!
The mystic blast hits the orc wizard!
You kill the orc wizard!
The mystic blast hits the yak!
The yak is severely wounded.
The yak is knocked back by the mystic blast.
The yak slams into the stone wall!
The yak is severely wounded.
Magical energy flows into your mind!
You hear a shout!
You enter the shallow water.
Moving in this stuff is going to be slow.
The yak attacks as you move away! The yak closely misses you.
The boulder beetle curls into a ball and begins rolling!
The yak attacks as you move away! The yak gores you.
* * * LOW HITPOINT WARNING * * *
You take 3 damage, and have 31/69 hp.
The yak attacks as you move away! The yak gores you.
* * * LOW HITPOINT WARNING * * *
You take 4 damage, and have 27/69 hp.
The yak attacks as you move away! The yak gores you but does no damage.
A bullfrog comes into view.
The yak attacks as you move away! The yak gores you but does no damage.
The boulder beetle hits you!!
You die...

####....○°~...........
+..#..####~........... ≈#
#..#..#))#~........... #≈#
#..#..##.#≈...#.....#† #≈#
#..#.....#°.........#. #≈#
#..'.....#~........##.
####~#######..#######≈...........
#...#~≈~~≈~~~~≈~≈≈Y°°#...........
#...#.......#>..@B○...........##.
#..........##.####..##........##.
..............###..###........###
#............##...............##.
###..........##.##.....#####.....
###.........##...####..)###......
#..........##.....##...))........
#..........#.......##)..##.......
##............._.......###.......


You could see a boulder beetle (rolling) and a yak.

Vanquished Creatures
  A centaur warrior (D:8)
  Grinder (D:6)
  Eustachio (D:5)
  A basilisk (D:8)
  4 steam dragons (D:8)
  2 water moccasins
  Duvessa (D:6)
  3 ice beasts
  3 sky beasts
  2 orc warriors (D:8)
  3 ogres
  2 black bears
  9 centaurs
  A phantom (D:5)
  2 kobold brigands (Sewer)
  5 bullfrogs (D:8)
  7 scorpions
  2 gnoll sergeants
  Dowan (D:6)
  4 wights
  3 killer bees (D:8)
  3 howler monkeys (D:7)
  8 hounds
  2 orc priests (D:6)
  2 gnoll boudas
  3 jellies
  4 iguanas
  6 orc wizards
  16 gnolls
  12 adders
  A shadow imp (D:6)
  A white imp (D:5)
  3 worms
  3 dart slugs
  12 orcs
  9 bats
  9 endoplasms
  5 giant cockroaches
  7 goblins
  5 hobgoblins
  A jackal (Sewer)
  2 quokkas
  6 ball pythons
  2 frilled lizards (D:1)
  19 kobolds
  9 rats
208 creatures vanquished.

Notes
Turn   | Place    | Note
-------+----------+-------------------------------------------
     0 | D:1      | spardeous the Demigod Conjurer began the quest for the Orb.
     0 | D:1      | Reached XP level 1. HP: 14/14 MP: 5/5
   433 | D:1      | Reached XP level 2. HP: 20/20 MP: 1/7
  1252 | D:2      | Reached XP level 3. HP: 25/26 MP: 2/8
  1594 | D:2      | Reached skill level 5 in Conjurations
  2333 | D:3      | Learned a level 2 spell: Searing Ray
  2352 | D:3      | Reached XP level 4. HP: 32/33 MP: 9/9
  2577 | D:3      | Found a glowing drain.
  2619 | Sewer    | Entered a sewer
  2695 | Sewer    | Noticed a kobold brigand
  2712 | Sewer    | Killed a kobold brigand
  2713 | Sewer    | Reached XP level 5. HP: 22/38 MP: 1/10
  3342 | D:3      | Learned a level 4 spell: Iskenderun's Mystic Blast
  3538 | D:4      | Noticed an ogre
  3544 | D:4      | Reached XP level 6. HP: 29/45 MP: 3/11
  4320 | D:5      | Entered Level 5 of the Dungeon
  4328 | D:5      | Reached XP level 7. HP: 38/50 MP: 5/12
  5240 | D:5      | Reached XP level 8. HP: 57/57 MP: 7/13
  5256 | D:5      | Reached skill level 10 in Conjurations
  5365 | D:5      | Noticed Eustachio
  5375 | D:5      | Killed Eustachio
  6256 | D:6      | Noticed Duvessa
  6258 | D:6      | Noticed Dowan
  6272 | D:6      | Killed Duvessa
  6410 | D:6      | Killed Dowan
  6512 | D:6      | Noticed Grinder
  6513 | D:6      | Paralysed by Grinder for 5 turns
  6539 | D:6      | Killed Grinder
  6540 | D:6      | Reached XP level 9. HP: 20/62 MP: 3/19
  6965 | D:6      | Reached skill level 5 in Spellcasting
  7586 | D:6      | Found a large runed translucent door.
  7586 | D:6      | Found a large runed translucent door.
  7587 | D:6      | Noticed croobank's ghost (weakling OpDe)
  8049 | D:7      | Found a staircase to the Ecumenical Temple.
  9161 | D:8      | Reached XP level 10. HP: 69/69 MP: 17/26
 10051 | D:8      | Noticed a centaur warrior
 10056 | D:8      | Killed a centaur warrior
 10196 | D:8      | Reached skill level 10 in Spellcasting
 10199 | D:8      | Noticed a boulder beetle
 10213 | D:8      | Slain by a boulder beetle

Illustrated notes

Levels and vault maps discovered:
D:1:      wander_arrival_chamber, layout_loops_ring, minmay_misc_feat_iff
D:2:      layout_basic, nicolae_half_adder
D:3:      layout_basic, cheibrodos_sewer_entry_drain, minmay_unequal
D:4:      layout_rooms, wad_orctagon
D:5:      minmay_octagon_keep, layout_loops_ring, uniq_eustachio
D:6:      layout_gridville, ebering_ghost_disaster_area, reono_crystal_passage,
          uniq_grinder, uniq_duvessa
D:7:      layout_gridville, makhleb_heckhound_becter,
          mainiacjoe_overflow_concentric_impassable,
          minmay_temple_entry_sparse_star
D:8:      cheibrodos_ideogram_h, layout_cave_pools, hangedman_ru_absence,
          lemuel_tele_altar, lemuel_round_altar, chequers_serial_rivers_marsh,
          grunt_ministairs_2, minmay_circle_x

Skill      XL: |  1  2  3  4  5  6  7  8  9 10 |
---------------+-------------------------------+-----
Conjurations   | 4 5 6 7 8 9 10 | 10.1
Translocations | 4 |  4.5
Spellcasting   | 4 8 10 | 10.0
Dodging        | |  1.7
Stealth        | |  1.7

Action                     |  1- 3 |  4- 6 |  7- 9 | 10-12 || total
---------------------------+-------+-------+-------+-------++-------
  Melee: Spear             |     6 |    47 |    40 |    15 ||   108
   Cast: Magic Dart        |    80 |    76 |    92 |       ||   248
         Searing Ray       |       |     9 |    43 |       ||    52
         Iskenderun's Myst |       |       |    42 |    33 ||    75
    Use: Potion            |       |       |     2 |     1 ||     3
   Stab: Sleeping          |       |       |     1 |       ||     1
 Armour: Leather armour    |     2 |    41 |    46 |    11 ||   100
  Dodge: Dodged            |    10 |    36 |    79 |    32 ||   157
